 Dungeon Crawl Stone Soup version 0.21.1-1-g345015fe64 (webtiles) character file.

903 PikkenKukken the Cudgeler (level 8, -2/49 HPs)
             Began as a Gargoyle Fighter on June 7, 2018.
             Was a Believer of Okawaru.
             Slain by a two-headed ogre
             ... wielding a +0 giant club
              (3 damage)
             ... on level 5 of the Dungeon.
             The game lasted 00:10:19 (4326 turns).

PikkenKukken the Cudgeler (Gargoyle Fighter)        Turns: 4326, Time: 00:10:19

Health: -2/49      AC: 15    Str: 20    XL:     8   Next: 7%
Magic:  11/12      EV: 12    Int: 10    God:    Okawaru [**....]
Gold:   228        SH:  0    Dex: 10    Spells: 13/13 levels left

rFire    + + .     SeeInvis .   a - +1 flail
rCold    + . .     Gourm    .   (no shield)
rNeg     + . .     Faith    .   b - +1 scale mail
rPois    ∞         Spirit   .   (no helmet)
rElec    +         Reflect  .   m - scarf {rC+ rF+}
rCorr    .         Harm     .   (no gloves)
MR       +....     Clarity  +   (no boots)
Stlth    +.........             (no amulet)
HPRegen  0.16/turn              (no ring)
MPRegen  0.13/turn              (no ring)

@: heroism
A: clarity, fire resistance 1, magic resistance 1, negative energy resistance 1,
electricity resistance, unbreathing, petrification resistance, rot immunity, AC
+5
a: Heroism, Renounce Religion


You were on level 5 of the Dungeon.
You worshipped Okawaru.
Okawaru was pleased with you.
You were not hungry.

You visited 1 branch of the dungeon, and saw 5 of its levels.

You collected 228 gold pieces.

Inventory:

Hand Weapons
 a - a +1 flail (weapon)
Missiles
 i - 98 bolts
Armour
 b - a +1 scale mail (worn)
 m - a scarf of resistance (worn)
Scrolls
 e - 2 scrolls of identify
 h - 3 scrolls of remove curse
 j - a scroll of teleportation
 k - a scroll of enchant weapon
 p - a scroll of blinking
Potions
 c - 3 potions of flight
 d - a potion of might
 g - 2 potions of heal wounds
 l - a potion of mutation
 n - a potion of agility {unknown}
Comestibles
 f - 9 rations


   Skills:
 + Level 5.0(10.0) Fighting
 + Level 5.8(10.8) Maces & Flails
 + Level 5.4(10.4) Armour
 + Level 1.6(6.6) Dodging
   Level 3.2(8.2) Shields
 * Level 3.1 Spellcasting


You had 13 spell levels left.
You didn't know any spells.

Dungeon Overview and Level Annotations

Branches:
Dungeon (5/15)
 Temple: D:4-7

Altars:
Fedhas
Gozag
Okawaru
Qazlal
Wu Jian

Shops:
D:4 [


Innate Abilities, Weirdness & Mutations

You are resistant to torment.
Your stone body is resilient. (AC +5)
You are immune to poison.
You resist negative energy. (rN+)
You are resistant to electric shocks. (rElec)
You can survive without breathing.
You are immune to petrification.
You are immune to rotting.
You possess an exceptional clarity of mind.
Your flesh is heat resistant. (rF+)
You are resistant to hostile enchantments. (MR+)


Message History

The two-headed ogre is lightly wounded.
You hit the two-headed ogre.
The two-headed ogre is moderately wounded.
The two-headed ogre closely misses you. The two-headed ogre barely misses you.
You barely miss the two-headed ogre.
The two-headed ogre is moderately wounded.
The two-headed ogre hits you but does no damage.
The two-headed ogre hits you with a giant club.
You hit the two-headed ogre.
The two-headed ogre is moderately wounded.
You sock the two-headed ogre!
The two-headed ogre is heavily wounded.
The two-headed ogre hits you with a giant club!!
* * * LOW HITPOINT WARNING * * *
The two-headed ogre hits you with a giant club!
* * * LOW HITPOINT WARNING * * *
You are too injured to fight recklessly!
The two-headed ogre barely misses you.
The two-headed ogre hits you with a giant club.
You die...

####
...
###.#
#.O.#
#@###
#.#
#.#
#.##
#..##
#...#
##.##
#.#
#<#


You could see a two-headed ogre.

Vanquished Creatures
  Grinder (D:3)
  Sigmund (D:3)
  A phantom (D:4)
  An ogre (D:4)
  A scorpion (D:4)
  A howler monkey (D:4)
  A centaur skeleton (D:4)
  An iguana (D:4)
  Natasha (thrice) (D:4)
  A worker ant (D:4)
  5 adders
  An ooze (D:2)
  An adder skeleton (D:4)
  3 worms (D:2)
  9 orcs
  2 ball pythons
  10 bats
  A giant cockroach (D:1)
  4 goblins
  14 hobgoblins
  4 jackals
  A jackal skeleton (D:4)
  2 kobolds (D:1)
  6 rats
75 creatures vanquished.

Notes
Turn   | Place    | Note
-------+----------+-------------------------------------------
     0 | D:1      | PikkenKukken the Gargoyle Fighter began the quest for the Orb.
     0 | D:1      | Reached XP level 1. HP: 14/14 MP: 1/1
   204 | D:1      | Gained mutation: You possess an exceptional clarity of mind. [potion of mutation]
   204 | D:1      | Gained mutation: Your flesh is heat resistant. (rF+) [potion of mutation]
   204 | D:1      | Gained mutation: You are resistant to hostile enchantments. (MR+) [potion of mutation]
   238 | D:1      | Reached XP level 2. HP: 13/19 MP: 2/2
  1252 | D:2      | Reached XP level 3. HP: 24/24 MP: 3/3
  1510 | D:2      | Found a stormy altar of Qazlal.
  1830 | D:2      | Found an iron altar of Okawaru.
  1843 | D:2      | Became a worshipper of Warmaster Okawaru
  1886 | D:2      | Reached XP level 4. HP: 25/29 MP: 5/5
  2243 | D:3      | Reached skill level 1 in Spellcasting
  2319 | D:3      | Noticed Sigmund
  2347 | D:3      | Killed Sigmund
  2347 | D:3      | Reached * piety under Okawaru
  2347 | D:3      | Reached skill level 1 in Dodging
  2347 | D:3      | Reached XP level 5. HP: 3/34 MP: 5/7
  2347 | D:3      | Reached XP level 6. HP: 4/39 MP: 5/8
  2589 | D:3      | Found a blossoming altar of Fedhas.
  2725 | D:3      | Noticed Grinder
  2727 | D:3      | Paralysed by Grinder for 5 turns
  2736 | D:3      | Paralysed by Grinder for 2 turns
  2775 | D:3      | Killed Grinder
  2775 | D:3      | Reached XP level 7. HP: 40/44 MP: 8/10
  3071 | D:4      | Found Utsi's Antique Armour Shoppe.
  3086 | D:4      | Reached ** piety under Okawaru
  3129 | D:4      | Reached skill level 5 in Maces & Flails
  3289 | D:4      | Reached skill level 5 in Armour
  3625 | D:4      | Noticed Natasha
  3638 | D:4      | Killed Natasha
  3767 | D:4      | Noticed Natasha
  3777 | D:4      | Killed Natasha
  3882 | D:4      | Found an ornate altar of the Wu Jian Council.
  3911 | D:4      | Reached skill level 5 in Fighting
  3911 | D:4      | Reached XP level 8. HP: 34/49 MP: 12/12
  4020 | D:4      | Found an opulent altar of Gozag.
  4066 | D:4      | Noticed Natasha
  4077 | D:4      | Killed Natasha
  4307 | D:5      | Entered Level 5 of the Dungeon
  4315 | D:5      | Noticed a two-headed ogre
  4324 | D:5      | HP: 1/49 [two-headed ogre/giant club (8)]
  4326 | D:5      | Slain by a two-headed ogre

Skill      XL: |  1  2  3  4  5  6  7 |
---------------+----------------------+-----
Fighting       | 4 5 |  5.0
Maces & Flails | 4 5 |  5.8
Spellcasting   | 1 2 3 |  3.1
Armour         | 4 5 |  5.4
Dodging        | 1 |  1.6
Shields        | |  3.2

Action                   |  1- 3 |  4- 6 |  7- 9 || total
-------------------------+-------+-------+-------++-------
Melee: Flail             |   127 |    81 |   115 ||   323
Invok: Heroism           |       |       |     1 ||     1
  Use: Scroll            |     6 |     2 |     1 ||     9
       Potion            |     2 |     1 |       ||     3
  Eat: Chunk             |     3 |     3 |     5 ||    11
Armor: Scale mail        |    69 |    39 |    56 ||   164
Dodge: Dodged            |    69 |    39 |    52 ||   160
